 Dungeon Crawl Stone Soup version 0.23.2 (webtiles) character file.

Game seed: 14975634031997897400

1201 lysyklops the Covered (level 8, 0/71 HPs)
             Began as a Minotaur Fighter on Apr 6, 2019.
             Killed by divine providence
             ... invoked by an orc priest
              (12 damage)
             ... on level 6 of the Dungeon.
             The game lasted 00:07:15 (4196 turns).

lysyklops the Covered (Minotaur Fighter)            Turns: 4196, Time: 00:07:16

Health: 0/71       AC: 15    Str: 18    XL:     8   Next: 21%
Magic:  7/7        EV:  4    Int:  5    God:
Gold:   310        SH: 10    Dex: 10    Spells: 7/7 levels left

rFire    . . .     SeeInvis .   A - +11 whip of Victory {vamp, rN+ MR+ Str-5}
rCold    . . .     Gourm    .   c - +0 shield
rNeg     + . .     Faith    .   v - +0 plate armour (curse)
rPois    .         Spirit   .   (helmet restricted)
rElec    .         Reflect  .   n - +0 cloak (curse)
rCorr    .         Harm     .   b - +0 pair of gloves
MR       +....                  (no boots)
Stlth    ..........             (no amulet)
HPRegen  0.21/turn              (no ring)
MPRegen  0.10/turn              (no ring)

@: no status effects
A: retaliatory headbutt, horns 2
a: no special abilities


You were on level 6 of the Dungeon.
You were not hungry.

You visited 1 branch of the dungeon, and saw 6 of its levels.

You collected 310 gold pieces.

Inventory:

Hand Weapons
 A - the +11 whip of Victory (weapon) {vamp, rN+ MR+ Str-5}
   (You found it on level 5 of the Dungeon)

   It inflicts no extra harm, but heals its wielder when it wounds a living foe.
   It affects your strength (-5).
   It protects you from negative energy.
   It affects your resistance to hostile enchantments.
Armour
 b - a +0 pair of gloves (worn)
 c - a +0 shield (worn)
 n - a cursed +0 cloak (worn)
 v - a cursed +0 plate armour (worn)
Wands
 z - a wand of digging (3)
Scrolls
 e - 4 scrolls of fear {unknown}
 g - 3 scrolls of remove curse {unknown}
 h - 2 scrolls of random uselessness {unknown}
 i - 5 scrolls of teleportation {unknown}
 j - 2 scrolls of enchant armour {unknown}
 o - 7 scrolls of identify {unknown}
 q - 2 scrolls of enchant weapon {unknown}
 s - 3 scrolls of amnesia {unknown}
 t - a scroll of blinking {unknown}
 u - a scroll of fog {unknown}
 x - a scroll of magic mapping {unknown}
Potions
 a - 5 potions of curing {unknown}
 d - a potion of might
 k - a potion of haste
 l - a potion of heal wounds {unknown}
 m - 3 potions of mutation {unknown}
 p - 2 potions of brilliance {unknown}
 r - a potion of magic {unknown}
 w - a potion of agility {unknown}
Comestibles
 f - 6 rations


   Skills:
 + Level 6.9 Fighting
   Level 5.3(5.7) Axes
 + Level 3.0(4.6) Maces & Flails
 + Level 6.9 Armour
 + Level 6.9 Shields


You had 7 spell levels left.
You didn't know any spells.
Your spell library contained the following spells:

 Spells                   Type           Power        Failure   Level  Hunger
 Bolt of Magma            Conj/Fire/Erth #.........   100%        5    ######.
 Iskenderun's Battlesphe  Conj/Chrm      #.......     100%        5    ######.
 Venom Bolt               Conj/Pois      #.........   100%        5    ######.
 Iron Shot                Conj/Erth      #.........   100%        6    #######
 Orb of Destruction       Conj           #.........   100%        7    #######
 Spellforged Servitor     Conj/Summ      #.........   100%        7    #######


Dungeon Overview and Level Annotations

Branches:
Dungeon (6/15)             Temple (0/1) D:6

Altars:
Nemelex Xobeh
Ru

Annotations:
D:5 3 runed translucent doors, Borbor's ghost, novice HaHu


Innate Abilities, Weirdness & Mutations

You reflexively headbutt those who attack you in melee.
You have a pair of horns on your head.


Message History

You block the orc warrior's attack.
You hear some strange, mumbled words.
A puff of flame appears from out of thin air!
The puff of flame hits you but does no damage.
You closely miss the orc warrior.
The orc warrior is lightly wounded.
Something hits you but does no damage. The orc hits you but does no damage.
The orc warrior hits you with a +0 flail!
* * * LOW HITPOINT WARNING * * *
You whack the orc warrior!
You feel better.
The orc warrior is heavily wounded.
Something hits you but does no damage. The orc hits you but does no damage.
Something hits you but does no damage.
You whack the orc warrior!
You feel better.
Your headbutt misses the orc warrior.
The orc warrior is severely wounded.
You block the orc warrior's attack.
The orc priest invokes the aid of Beogh against you.
Beogh smites you!
You die...

##.# ###'####..####.# ...#
#....#.....# #.# ...#
#....#.....# #.#### ..##
##'#####..####....######## ..##
#..#####'##.............. ...#.
#..<.......[.....≈≈≈≈≈... ...#..
+.......oo.....≈≈≈≈≈≈≈≈≈. ..###..
#..####oo##..≈≈≈≈≈≈≈≈≈≈≈≈
..###..########{@##.≈≈≈≈≈≈≈≈≈≈≈≈≈
....#............#.o≈≈≈≈≈≈...≈≈≈≈
....'...>........#.........>.≈≈≈≈
....#..##..########.≈≈≈≈≈≈...≈≈≈≈
....#..##'###....##.o≈≈≈≈≈≈≈≈≈≈≈≈
....#.............#..o.≈≈≈≈≈≈≈≈≈.
##.##<.##.........+......≈≈≈≈≈...
# .##. #..##....##..............
. .o...###+###'####..###..###..#.


You could see an orc warrior, an orc priest and 2 orcs.

Vanquished Creatures
  3 centaurs
  A bullfrog (D:6)
  A gnoll sergeant (D:6)
  A scorpion (D:6)
  A howler monkey (D:6)
  4 hounds
  2 orc priests (D:4)
  A centaur skeleton (D:5)
  A bullfrog skeleton (D:4)
  2 orc wizards
  2 iguanas (D:5)
  4 worker ants
  4 gnolls (D:6)
  15 adders
  2 oozes
  3 adder skeletons
  3 worms
  2 dart slugs
  2 leopard geckos
  15 orcs
  3 ball pythons (D:1)
  9 giant cockroaches
  A goblin (D:1)
  6 hobgoblins
  8 jackals
  7 kobolds
  3 quokkas (D:5)
  7 bats
  3 frilled lizards
  A giant cockroach zombie (D:5)
  A quokka zombie (D:5)
  10 rats
128 creatures vanquished.

Notes
Turn   | Place    | Note
-------+----------+-------------------------------------------
     0 | D:1      | lysyklops the Minotaur Fighter began the quest for the Orb.
     0 | D:1      | Reached XP level 1. HP: 19/19 MP: 0/0
    66 | D:1      | Reached XP level 2. HP: 13/27 MP: 1/1
   516 | D:1      | Reached XP level 3. HP: 25/33 MP: 2/2
   899 | D:2      | Reached XP level 4. HP: 40/40 MP: 3/3
   901 | D:2      | Found a sparkling altar of Nemelex Xobeh.
  1551 | D:3      | Reached XP level 5. HP: 35/47 MP: 4/4
  1969 | D:3      | Found a sacrificial altar of Ru.
  2060 | D:3      | Reached skill level 5 in Fighting
  2060 | D:3      | Reached skill level 5 in Armour
  2060 | D:3      | Reached skill level 5 in Shields
  2197 | D:4      | Reached XP level 6. HP: 56/56 MP: 5/5
  2863 | D:4      | Found a sparkling altar of Nemelex Xobeh.
  3034 | D:5      | Entered Level 5 of the Dungeon
  3260 | D:5      | Reached skill level 5 in Axes
  3364 | D:5      | Found a runed translucent gate.
  3365 | D:5      | Found a runed translucent gate.
  3366 | D:5      | Found a runed translucent gate.
  3368 | D:5      | Noticed Borbor's ghost (novice HaHu)
  3368 | D:5      | Noticed an orc warrior
  3406 | D:5      | Reached XP level 7. HP: 55/62 MP: 6/6
  3866 | D:5      | Got an ancient whip
  3877 | D:5      | Identified the +11 whip of Victory {vamp, rN+ MR+ Str-5}
                  | (You found it on level 5 of the Dungeon)
  3949 | D:6      | Reached skill level 1 in Maces & Flails
  4083 | D:6      | Reached XP level 8. HP: 59/71 MP: 7/7
  4117 | D:6      | Found a staircase to the Ecumenical Temple.
  4196 | D:6      | Killed from afar by an orc priest

Skill      XL: |  1  2  3  4  5  6  7  8 |
---------------+-------------------------+-----
Shields        | 4 5 6 |  6.9
Fighting       | 4 5 6 |  6.9
Armour         | 4 5 6 |  6.9
Axes           | 3 4 5 |  5.3
Maces & Flails | 2 3 |  3.0

Action                   |  1- 3 |  4- 6 |  7- 9 || total
-------------------------+-------+-------+-------++-------
Melee: War axe           |    39 |    36 |    31 ||   106
       Headbutt          |     9 |    29 |    18 ||    56
       Hand axe          |    23 |   166 |       ||   189
       Whip              |       |       |    79 ||    79
 Stab: Invisible         |       |     1 |       ||     1
  Eat: Chunk             |       |     7 |     2 ||     9
       Ration            |       |       |     2 ||     2
Armor: Scale mail        |    43 |    26 |       ||    69
       Plate armour      |       |    47 |    77 ||   124
Dodge: Dodged            |    33 |    40 |    16 ||    89
Block: Shield            |    46 |    84 |    62 ||   192
